 Dungeon Crawl Stone Soup version 0.29.1-13-g9f3cf754e1 (webtiles) character file.

Game seed: 9492499784922955622

68 retardedninja the Conjurer (level 4, -1/33 HPs)
             Began as a Draconian Conjurer on Jan 26, 2023.
             Slain by a kobold
             ... wielding a +0 short sword
              (2 damage)
             ... on level 3 of the Dungeon.
             The game lasted 00:02:30 (2574 turns).

retardedninja the Conjurer (Draconian Conjurer)     Turns: 2574, Time: 00:02:31

Health: -1/33      AC:  5    Str:  9    XL:     4   Next: 1%
Magic:  1/7        EV: 16    Int: 21    God:
Gold:   111        SH:  0    Dex:  9    Spells: 6/7 levels left

rFire   + . .      SeeInvis .   h - +2 whip (elec)
rCold   . . .      Faith    .   (no shield)
rNeg    . . .      Spirit   .   (body armour unavailable)
rPois   .          Reflect  .   (helmet restricted)
rElec   .          Harm     .   (no cloak)
rCorr   .          Rampage  .   (no gloves)
Will    .....                   (no boots)
Stlth   ++........              (no amulet)
HPRegen 0.11/turn               b - ring of protection from fire
MPRegen 0.10/turn               e - +4 ring of evasion

@: no status effects
A: AC +5, unfitting armour, cold-blooded
a: no special abilities


You were on level 3 of the Dungeon.
You visited 1 branch of the dungeon, and saw 3 of its levels.

You collected 111 gold pieces.

Inventory:

Hand Weapons
 h - a +2 whip of electrocution (weapon)
Jewellery
 b - a ring of protection from fire (left hand)
 e - a +4 ring of evasion (right hand)
 i - a +4 ring of evasion
 l - the ring of Cuichaj {rPois Str+2 Dex+3 Slay+2}
   (You found it on level 2 of the Dungeon)

   [ring of poison resistance]

   Str:       It affects your strength (+2).
   Dex:       It affects your dexterity (+3).
   Slay:      It affects your accuracy & damage with ranged weapons and melee
   (+2).
   rPois:     It protects you from poison.
 n - a ring of willpower
Scrolls
 d - 2 scrolls of identify {unknown}
 f - 2 scrolls of teleportation {unknown}
 j - a scroll of noise {unknown}
 m - a scroll of vulnerability {unknown}
 o - a scroll of fear {unknown}
Potions
 c - a potion of curing {unknown}
 g - a potion of attraction {unknown}
 k - a potion of haste {unknown}


   Skills:
 + Level 2.3 Dodging
 + Level 2.4 Stealth
 + Level 2.4 Spellcasting
 * Level 4.7 Conjurations


You had 6 spell levels left.
You knew the following spells:

 Your Spells              Type           Power      Damage    Failure   Level
a - Magic Dart            Conj           88%        1d7       1%          1

Your spell library contained the following spells:

 Spells                   Type           Power      Damage    Failure   Level
 Searing Ray              Conj           44%        2d6       3%          2
 Conjure Flame            Conj/Fire      12%        6-21      16%         3
 Dazzling Flash           Conj/Hex       24%        N/A       16%         3
 Ignite Poison            Fire/Tmut/Pois 2%         N/A       38%         3
 Fulminant Prism          Conj/Hex       6%         3d7       47%         4
 Iskenderun's Mystic Bla  Conj/Tloc      12%        2d5       47%         4
 Sticky Flame             Conj/Fire      12%        2d4       47%         4


Dungeon Overview and Level Annotations

Branches:
Dungeon (3/15)

Altars:

Shops:
D:1 :

Annotations:
D:2 1 runed translucent door, Crazy Yiuf


Innate Abilities, Weirdness & Mutations

Your plain brown scales are hard. (AC +5)
You cannot fit into any form of body armour.
You are cold-blooded and may be slowed by cold attacks.


Message History

The kobold hits you but does no damage. The orc misses you.
Aiming: Magic Dart (safe; 1% risk of failure)
Press: ? - help, Q - select action Shift-Dir - straight line, f/p - orc
Aim: an orc, wielding a +0 flail and wearing a +0 ring mail (almost dead, 100% to hit)
The magic dart hits the orc but does no damage.
The orc is almost dead.
The kobold hits you with a +0 short sword.
The orc hits you but does no damage.
Aiming: Magic Dart (safe; 1% risk of failure)
Press: ? - help, Q - select action Shift-Dir - straight line, f/p - orc
Aim: an orc, wielding a +0 flail and wearing a +0 ring mail (almost dead, 100% to hit)
The magic dart hits the orc but does no damage.
The orc is almost dead.
The orc hits you with a +0 flail!
* * * LOW HITPOINT WARNING * * *
The kobold barely misses you.
Unknown command.
You don't have enough magic to cast this spell.
Unknown command.
You don't have enough magic to cast this spell.
You barely miss the orc.
The orc is almost dead.
The orc completely misses you. The kobold closely misses you.
The orc closely misses you.
You closely miss the orc. You punch the orc, but do no damage.
The orc is almost dead.
The orc barely misses you.
The kobold hits you with a +0 short sword.
* * * LOW HITPOINT WARNING * * *
The orc barely misses you.
You barely miss the orc.
The orc is almost dead.
The orc hits you but does no damage. The kobold misses you.
The orc hits you with a +0 flail.
* * * LOW HITPOINT WARNING * * *
You barely miss the orc.
The orc is almost dead.
The orc misses you. The orc closely misses you.
The kobold hits you with a +0 short sword.
You die...

#+#...#.# ##.#
###########.
......#.#######..#
#......####.
....###.#....[..##
#...........
......#...#######
#......#####
#####....##
#........# ###>##
######## #####....#
###
#......#########.##
#................#
#...@..###########
#..Koo.# ..
####.###.##. #...#
)..K. #..†#...#
#......# #.....#+
###..## #.##


You could see 2 orcs and a kobold.

Vanquished Creatures
  2 adders (D:2)
  A dart slug (D:3)
  2 orcs (D:3)
  7 ball pythons
  3 endoplasms
  3 giant cockroaches
  3 goblins
  5 hobgoblins
  3 jackals (D:1)
  4 quokkas
  4 bats
  2 frilled lizards (D:2)
  3 kobolds
42 creatures vanquished.

Notes
Turn   | Place    | Note
-------+----------+-------------------------------------------
     0 | D:1      | retardedninja the Draconian Conjurer began the quest for
                  | the Orb.
     0 | D:1      | Reached XP level 1. HP: 14/14 MP: 3/3
   278 | D:1      | Found a faded altar of an unknown god.
   309 | D:1      | Reached XP level 2. HP: 20/20 MP: 3/5
   544 | D:1      | Found Ybuza's Book Boutique.
  1352 | D:2      | Reached XP level 3. HP: 26/26 MP: 4/6
  1519 | D:2      | Identified the ring of Cuichaj {rPois Str+2 Dex+3 Slay+2}
  1825 | D:2      | Found a runed translucent door.
  1826 | D:2      | Noticed Crazy Yiuf
  2556 | D:3      | Reached XP level 4. HP: 33/33 MP: 2/7
  2573 | D:3      | HP: 1/33 [orc/+0 flail (2)]
  2574 | D:3      | Slain by a kobold

Illustrated notes

Levels and vault maps discovered:
D:1:      dpeg_arrival_rhombi, layout_loops_ring, basic_ecumenical_altar,
          serial_shops, nicolae_shop_hallway_stairs
D:2:      layout_basic, uniq_crazy_yiuf_cottage
D:3:      layout_basic, nemelex_diamond_rough_becter

Skill      XL: |  1  2 |
---------------+-------+-----
Stealth        | 2 |  2.4
Dodging        | 2 |  2.3
Spellcasting   | |  2.4
Conjurations   | |  4.7

Action                   |  1- 3 |  4- 6 || total
-------------------------+-------+-------++-------
Melee: Whip              |     5 |     4 ||     9
       Punch             |       |     1 ||     1
 Cast: Magic Dart        |    90 |     9 ||    99
  Use: Potion            |       |     1 ||     1
Armor: Skin              |     2 |     4 ||     6
Dodge: Dodged            |    10 |    15 ||    25
